General information
- name: BNet
- type: Ladder team game (AT/RT)
- host: Battle.net
- saver: Romeo
map: Mur'gulOasis
- players: 8
- length: 28:54
- speed: Fast
- version: 1.23 W3XP
- replay type: Public
» download(208 KB)
Players
team 1 (winner)
HeadHunter (
yellow | 59 APM | 1706 actions | 28:54)
6 Far Seer
2 Feral Spirit
3 Chain Lighting
1 Earth Quake
3 Shadow Hunter
2 Healing Wave
1 Hex
» actions
| Assign group hotkey | 46 | |
| Basic commands | 162 | |
| Build / train | 76 | |
| Enter build submenu | 14 | |
| Enter hero's abilities submenu | 9 | |
| Give item / drop item | 1 | |
| Remove unit from queue | 1 | |
| Right click | 607 | |
| Select / deselect | 415 | |
| Select group hotkey | 262 | |
| Use ability | 113 | |
1706 total
» units
| Peon | 10 | |
| Grunt | 9 | |
| Wind Rider | 14 | |
| Troll Witch Doctor | 4 | |
| Troll Batrider | 4 | |
| Shaman | 2 | |
43 total
» upgrades
| Berserker Strength | 1 | |
| Pillage | 1 | |
| Witch Doctor Training | 2 | |
| Envenomed Spears | 1 | |
| Shaman Training | 2 | |
7 total
» buildings
| Altar of Storms | 1 | |
| Orc Burrow | 6 | |
| Barracks | 1 | |
| Voodoo Lounge | 1 | |
| Stronghold | 1 | |
| Beastiary | 2 | |
| Spirit Lodge | 1 | |
| Fortress | 1 | |
14 total
» build order
00:07 Altar of Storms
00:16 Orc Burrow
00:38 Barracks
01:31 Orc Burrow
01:53 Voodoo Lounge
02:21 Orc Burrow
04:29 Stronghold
06:16 Orc Burrow
07:07 Beastiary
07:10 Beastiary
07:12 Spirit Lodge
08:21 Orc Burrow
10:59 Fortress
11:46 Orc Burrow
» items
| Healing Salve | 2 | |
| Lesser Clarity Potion | 1 | |
| Scroll of Town Portal | 6 | |
| Scroll of Healing | 1 | |
10 total

»
Romeo (
teal | 77 APM | 2233 actions | 28:54)
7 Blademaster
3 Wind Walk
3 Critical Strike
1 Bladestorm
6 Shadow Hunter
3 Hex
2 Serpent Ward
1 Big Bad Voodoo
» actions
| Assign group hotkey | 69 | |
| Basic commands | 233 | |
| Build / train | 72 | |
| ESC pressed | 1 | |
| Enter build submenu | 17 | |
| Enter hero's abilities submenu | 13 | |
| Right click | 1298 | |
| Select / deselect | 230 | |
| Select group hotkey | 199 | |
| Use ability | 101 | |
2233 total
» units
| Peon | 8 | |
| Grunt | 5 | |
| Tauren | 16 | |
| Shaman | 4 | |
33 total
» upgrades
| Melee Weapons | 2 | |
| Armor | 1 | |
| Pulverize | 1 | |
| Shaman Training | 2 | |
6 total
» buildings
| Altar of Storms | 1 | |
| Orc Burrow | 6 | |
| Barracks | 1 | |
| War Mill | 1 | |
| Voodoo Lounge | 1 | |
| Stronghold | 1 | |
| Fortress | 1 | |
| Tauren Totem | 2 | |
| Spirit Lodge | 2 | |
16 total
» build order
00:09 Altar of Storms
00:21 Orc Burrow
00:37 Barracks
01:36 Orc Burrow
02:10 War Mill
02:24 Voodoo Lounge
03:30 Stronghold
03:35 Orc Burrow
05:43 Orc Burrow
05:52 Fortress
08:34 Tauren Totem
08:35 Tauren Totem
09:22 Orc Burrow
11:36 Orc Burrow
13:17 Spirit Lodge
19:46 Spirit Lodge
» items
| Lesser Clarity Potion | 2 | |
| Healing Salve | 6 | |
| Scroll of Speed | 3 | |
| Potion of Healing | 2 | |
| Orb of Lightning | 1 | |
| Scroll of Town Portal | 1 | |
15 total

»
MyHood (
green | 49 APM | 1403 actions | 28:54)
7 Demon Hunter
3 Mana Burn
3 Evasion
1 Metamorphosis
» actions
| Assign group hotkey | 26 | |
| Basic commands | 298 | |
| Build / train | 57 | |
| ESC pressed | 1 | |
| Enter build submenu | 17 | |
| Enter hero's abilities submenu | 7 | |
| Right click | 508 | |
| Select / deselect | 265 | |
| Select group hotkey | 153 | |
| Use ability | 71 | |
1403 total
» units
| Wisp | 21 | |
| Huntress | 4 | |
| Dryad | 8 | |
| Druid of the Claw | 4 | |
| Druid of the Talon | 2 | |
| Chimaera | 1 | |
40 total
» upgrades
| Druid of the Claw Training | 2 | |
| Druid of the Talon Training | 1 | |
3 total
» buildings
| Altar of Elders | 1 | |
| Moon Well | 6 | |
| Hunter's Hall | 1 | |
| Ancient of War | 2 | |
| Tree of Ages | 1 | |
| Ancient of Lore | 3 | |
| Tree of Eternity | 1 | |
| Ancient of Wind | 1 | |
| Chimaera Roost | 1 | |
| Ancient of Wonders | 1 | |
18 total
» build order
00:07 Altar of Elders
00:09 Moon Well
01:14 Hunter's Hall
01:53 Ancient of War
01:57 Ancient of War
02:11 Moon Well
03:02 Moon Well
04:57 Moon Well
05:24 Tree of Ages
05:51 Moon Well
06:46 Moon Well
08:01 Ancient of Lore
08:04 Ancient of Lore
11:12 Ancient of Lore
11:24 Tree of Eternity
13:29 Ancient of Wind
17:03 Chimaera Roost
17:36 Ancient of Wonders
» items
GOD_DAM_NOOB (
blue | 49 APM | 1425 actions | 28:54)
6 Crypt Lord
3 Impale
1 Carrion Beetles
1 Spiked Carapace
1 Locust Swarm
2 Dark Ranger
1 Black Arrow
1 Silence
» actions
| Assign group hotkey | 11 | |
| Basic commands | 40 | |
| Build / train | 70 | |
| Enter build submenu | 18 | |
| Enter hero's abilities submenu | 8 | |
| Remove unit from queue | 3 | |
| Right click | 915 | |
| Select / deselect | 310 | |
| Select group hotkey | 15 | |
| Use ability | 35 | |
1425 total
» units
| Acolyte | 2 | |
| Ghoul | 2 | |
| Crypt Fiend | 28 | |
| Gargoyle | 7 | |
| Abomination | 2 | |
41 total
» upgrades
| Creature Attack | 3 | |
| Burrow | 1 | |
| Web | 1 | |
| Creature Carapace | 3 | |
8 total
» buildings
| Crypt | 3 | |
| Graveyard | 1 | |
| Altar of Darkness | 2 | |
| Ziggurat | 6 | |
| Halls of the Dead | 1 | |
| Spirit Tower | 5 | |
| Black Citadel | 2 | |
| Slaughterhouse | 2 | |
| Necropolis | 1 | |
23 total
» build order
00:17 Crypt
00:30 Graveyard
00:44 Altar of Darkness
01:20 Ziggurat
01:54 Ziggurat
02:58 Ziggurat
03:18 Crypt
05:36 Halls of the Dead
07:04 Ziggurat
08:16 Spirit Tower
08:17 Spirit Tower
08:18 Spirit Tower
10:30 Black Citadel
10:31 Black Citadel
11:02 Ziggurat
11:11 Ziggurat
12:31 Spirit Tower
12:58 Spirit Tower
20:58 Crypt
21:04 Slaughterhouse
21:09 Slaughterhouse
22:02 Altar of Darkness
24:37 Necropolis
team 2 (loser)
xicor (
purple | 50 APM | 1440 actions | 28:53)
6 Death Knight
3 Death Coil
2 Unholy Aura
1 Animate Dead
3 Dark Ranger
2 Life Drain
1 Black Arrow
» actions
| Basic commands | 1 | |
| Build / train | 65 | |
| Enter build submenu | 14 | |
| Enter hero's abilities submenu | 8 | |
| Right click | 1039 | |
| Select / deselect | 267 | |
| Use ability | 46 | |
1440 total
» units
| Acolyte | 2 | |
| Ghoul | 4 | |
| Crypt Fiend | 27 | |
| Abomination | 5 | |
38 total
» upgrades
| Creature Attack | 1 | |
| Creature Carapace | 1 | |
| Web | 1 | |
| Disease Cloud | 1 | |
| Unholy Strength | 1 | |
| Unholy Armor | 1 | |
6 total
» buildings
| Ziggurat | 7 | |
| Crypt | 1 | |
| Altar of Darkness | 1 | |
| Graveyard | 1 | |
| Tomb of Relics | 2 | |
| Halls of the Dead | 1 | |
| Black Citadel | 1 | |
| Slaughterhouse | 2 | |
16 total
» build order
00:12 Ziggurat
00:14 Crypt
00:37 Altar of Darkness
01:01 Graveyard
01:18 Ziggurat
01:59 Ziggurat
03:42 Tomb of Relics
05:51 Halls of the Dead
09:00 Ziggurat
09:56 Ziggurat
10:26 Black Citadel
11:05 Tomb of Relics
15:01 Slaughterhouse
15:05 Slaughterhouse
19:58 Ziggurat
20:07 Ziggurat
» items
| Scroll of Town Portal | 3 | |
| Orb of Corruption | 1 | |
| Potion of Healing | 1 | |
5 total
Politikin (
pink | 58 APM | 1669 actions | 28:53)
5 Death Knight
2 Death Coil
3 Unholy Aura
5 Lich
3 Frost Nova
2 Frost Armor
» actions
| Build / train | 75 | |
| Enter build submenu | 21 | |
| Enter hero's abilities submenu | 11 | |
| Give item / drop item | 1 | |
| Remove unit from queue | 3 | |
| Right click | 1089 | |
| Select / deselect | 392 | |
| Use ability | 77 | |
1669 total
» units
| Acolyte | 3 | |
| Ghoul | 21 | |
| Crypt Fiend | 10 | |
| Frost Wyrm | 6 | |
40 total
» upgrades
| Web | 1 | |
| Creature Attack | 2 | |
| Unholy Strength | 1 | |
4 total
» buildings
| Crypt | 1 | |
| Ziggurat | 11 | |
| Altar of Darkness | 1 | |
| Graveyard | 1 | |
| Tomb of Relics | 1 | |
| Nerubian Tower | 3 | |
| Halls of the Dead | 1 | |
| Black Citadel | 1 | |
| Sacrificial Pit | 1 | |
| Boneyard | 1 | |
| Spirit Tower | 3 | |
25 total
» build order
00:16 Crypt
00:19 Ziggurat
00:34 Altar of Darkness
00:57 Graveyard
01:11 Tomb of Relics
01:48 Nerubian Tower
02:12 Ziggurat
03:13 Halls of the Dead
05:03 Ziggurat
05:56 Black Citadel
07:35 Sacrificial Pit
07:41 Ziggurat
07:41 Ziggurat
08:49 Boneyard
08:53 Ziggurat
08:54 Spirit Tower
08:54 Spirit Tower
13:10 Ziggurat
13:11 Ziggurat
13:13 Ziggurat
13:14 Ziggurat
14:46 Nerubian Tower
14:47 Nerubian Tower
14:47 Spirit Tower
21:33 Ziggurat
» items
| Rod of Necromancy | 2 | |
| Dust of Appearance | 1 | |
| Scroll of Town Portal | 1 | |
| Potion of Healing | 2 | |
| Orb of Corruption | 1 | |
| Potion of Mana | 1 | |
8 total
Mr_Mojo_Rising (
red | 35 APM | 1001 actions | 28:39)
4 Tauren Chieftain
2 War Stomp
2 Endurance Aura
6 Shadow Hunter
3 Healing Wave
2 Hex
1 Big Bad Voodoo
» actions
| Basic commands | 52 | |
| Build / train | 62 | |
| Enter build submenu | 13 | |
| Enter hero's abilities submenu | 10 | |
| Right click | 471 | |
| Select / deselect | 346 | |
| Use ability | 47 | |
1001 total
» units
| Peon | 9 | |
| Grunt | 3 | |
| Shaman | 8 | |
| Tauren | 18 | |
38 total
» upgrades
| Armor | 3 | |
| Shaman Training | 2 | |
| Melee Weapons | 2 | |
| Pulverize | 1 | |
8 total
» buildings
| Altar of Storms | 1 | |
| Orc Burrow | 6 | |
| Barracks | 1 | |
| Voodoo Lounge | 1 | |
| Stronghold | 1 | |
| War Mill | 1 | |
| Fortress | 1 | |
| Spirit Lodge | 1 | |
| Tauren Totem | 2 | |
15 total
» build order
00:11 Altar of Storms
00:37 Orc Burrow
01:07 Barracks
01:36 Orc Burrow
02:14 Voodoo Lounge
03:02 Stronghold
03:21 Orc Burrow
05:01 War Mill
05:29 Fortress
05:33 Spirit Lodge
07:55 Tauren Totem
07:57 Tauren Totem
08:05 Orc Burrow
09:45 Orc Burrow
10:40 Orc Burrow
» items
| Orb of Lightning | 1 | |
| Healing Salve | 1 | |
2 total

»
Might-and-magi (
orange | 44 APM | 1270 actions | 28:49)
6 Blademaster
2 Wind Walk
3 Critical Strike
1 Bladestorm
» actions
| Assign group hotkey | 23 | |
| Basic commands | 1 | |
| Build / train | 57 | |
| Enter build submenu | 25 | |
| Enter hero's abilities submenu | 6 | |
| Right click | 615 | |
| Select / deselect | 302 | |
| Select group hotkey | 180 | |
| Use ability | 61 | |
1270 total
» units
| Peon | 10 | |
| Grunt | 8 | |
| Wind Rider | 14 | |
| Troll Headhunter/Berserker | 4 | |
36 total
» upgrades
| Armor | 3 | |
| Ranged Weapons | 3 | |
| Envenomed Spears | 1 | |
7 total
» buildings
| Altar of Storms | 1 | |
| Orc Burrow | 8 | |
| Barracks | 1 | |
| War Mill | 1 | |
| Watch Tower | 7 | |
| Voodoo Lounge | 1 | |
| Stronghold | 1 | |
| Beastiary | 2 | |
| Fortress | 1 | |
23 total
» build order
00:11 Altar of Storms
00:13 Orc Burrow
00:37 Barracks
01:29 Orc Burrow
01:51 War Mill
03:32 Watch Tower
04:24 Orc Burrow
04:25 Orc Burrow
04:32 Watch Tower
05:08 Orc Burrow
05:15 Voodoo Lounge
05:24 Watch Tower
06:00 Watch Tower
06:41 Orc Burrow
07:44 Orc Burrow
07:48 Watch Tower
08:36 Stronghold
09:11 Orc Burrow
10:24 Watch Tower
11:07 Beastiary
11:11 Beastiary
11:18 Watch Tower
11:55 Fortress
» items
| Healing Salve | 3 | |
| Scroll of Town Portal | 1 | |
4 total
Chat log
(00:38 / Allies) Romeo: hi
(00:42 / Allies) MyHood: hi
(00:47 / Allies) HeadHunter: sup
(00:48 / Allies) Romeo: whatcha guys making
(00:53 / Allies) GOD_DAM_NOOB: fiends
(00:55 / Allies) MyHood: hunt
(01:07 / Allies) Romeo: coo coo
(01:19 / Allies) Romeo: ill make melee long-term
(01:36 / Allies) HeadHunter: ill make cassters
(01:40 / Allies) HeadHunter: and air
(03:44 / Allies) MyHood: burrows yellow
(06:51 / Allies) Romeo: b
(07:23 / Allies) Romeo: b up
(07:35 / Allies) Romeo: back
(07:37 / Allies) Romeo: more
(07:38 / Allies) Romeo: wtf u guys
(07:43 / Allies) Romeo: hit
(07:45 / Allies) Romeo: there's 3 here
(08:06 / Allies) GOD_DAM_NOOB: get the fuk over here
(09:00 / Allies) GOD_DAM_NOOB: help green
(09:11 / Allies) Romeo: tp over
(09:28 / Allies) Romeo: repair hall
(10:12 / Allies) Romeo: i got tauren coming
(10:15 / Allies) Romeo: how's casters yellow
(10:22 / Allies) MyHood: oj still t1
(10:31 / Allies) HeadHunter: getin docs
(10:42 / Allies) GOD_DAM_NOOB: my base
(10:44 / Allies) Romeo: run em im coming
(12:50 / Allies) Romeo: out
(13:06 / Allies) Romeo: need heavy air
(13:26 / Allies) Romeo: bad tower placemen
(13:54 / Allies) Romeo: b
(15:54 / Allies) Romeo: green
(15:57 / Allies) Romeo: hit the units
(15:57 / Allies) Romeo: fuck
(16:00 / Allies) Romeo: not the dumb buildings
(16:07 / Allies) Romeo: GREEN
(16:31 / Allies) Romeo: NO MORE UNITS
(16:53 / Allies) Romeo: B
(17:23 / Allies) Romeo: no shop?!
(17:37 / Allies) Romeo: dude
(18:51 / Allies) Romeo: OMFG
(18:58 / Allies) Romeo: B
(19:08 / Allies) Romeo: not fucvking fighting without my sh
(19:13 / Allies) Romeo: and fucking yellow and green dont have SHIT
(19:24 / Allies) MyHood: open ur eyes
(19:30 / Allies) GOD_DAM_NOOB: help
(19:34 / Allies) Romeo: do u see what theyf ucking have
(19:46 / Allies) GOD_DAM_NOOB: help
(19:47 / Allies) GOD_DAM_NOOB: my base
(19:50 / Allies) Romeo: we can't OK
(19:55 / Allies) Romeo: actually
(19:56 / Allies) Romeo: fuck GO
(20:00 / Allies) Romeo: green
(21:14 / Allies) Romeo: can we get a warrd
(21:34 / Allies) Romeo: wtf do u want us to do
(21:43 / Allies) MyHood: chill the fuck out spaz
(21:44 / Allies) Romeo: and this noob is losing bears
(21:55 / Allies) Romeo: ward
(22:34 / Allies) GOD_DAM_NOOB: green can u rebuild?
(22:44 / Allies) Romeo: b
(22:57 / Allies) Romeo: bats
(22:58 / Allies) Romeo: bats
(23:27 / Allies) Romeo: ur base is fucked
(23:33 / Allies) Romeo: give us gold
(25:25 / Allies) Romeo: tauren
(26:12 / Allies) Romeo: TC
(26:32 / Allies) Romeo: Who has gold
(26:46 / Allies) HeadHunter: blu i need 200
(26:46 / Allies) MyHood: blue
(27:02 / Allies) Romeo: b
(27:02 / Allies) Romeo: b
(27:05 / Allies) Romeo: i was just scouting
(27:16 / Allies) Romeo: green any wisps?
(27:17 / Allies) GOD_DAM_NOOB: i bneed to clear a mine
(27:24 / Allies) MyHood: nah, wyvs got them
(27:28 / Allies) Romeo: hmm
(27:31 / Allies) Romeo: ur mine is untapped...
(27:35 / Allies) Romeo: for a littlebit
(27:47 / Allies) GOD_DAM_NOOB: omw
(28:21 / All) Mr_Mojo_Rising: GG
(28:26 / All) Mr_Mojo_Rising: teal won that for yall
(28:31 / All) MyHood: agreed